 Dungeon Sprint DCSS version 0.18.1-48-g4cf74bf (webtiles) character file.

11129 Ponchio the Eclecticist (level 11, -5/61 HPs)
             Began as a High Elf Fire Elementalist on Aug 16, 2016.
             Was the Champion of Vehumet.
             Slain by a vampire mage (12 damage)
             ... in the Dungeon (Sprint V: "Ziggurat Sprint") on Aug 20, 2016.
             The game lasted 00:38:56 (1664 turns).

Ponchio the Eclecticist (HEFE)                      Turns: 1664, Time: 00:38:56

Health: -5/61      AC:  6    Str:  7    XL:     11   Next: 45%
Magic:  15/38      EV: 30    Int: 27    God:    Vehumet [******]
Gold:   0          SH:  4    Dex: 30    Spells: 5 memorised, 20 levels left

rFire  . . .     SeeInvis .     I - +6 Majin-Bo {vamp, Archmagi MP+6 Int+6}
rCold  + . .     Gourm    .     L - +2 robe {rC+}
rNeg   . . .     Faith    .     (shield currently unavailable)
rPois  .         Spirit   .     (no helmet)
rElec  .         Dismiss  .     S - +1 cloak {+Inv}
rCorr  .         Reflect  +     (no gloves)
SustAt .         Harm     .     (no boots)
MR     +....     NoTele   +     Z - +4 amulet of reflection
Stlth  +++.......               y - +6 ring of dexterity
                                z - +6 ring of dexterity

@: very slightly contaminated, hasted, studying Dodging, deflect missiles, very
quick, somewhat resistant to hostile enchantments, fairly stealthy
A: no striking features
a: Renounce Religion, Evoke Invisibility


You were in the Dungeon.
You worshipped Vehumet.
Vehumet was exalted by your worship.
You were completely stuffed.

You visited 1 branch

Inventory:

Hand Weapons
 I - the +6 Majin-Bo (weapon) {vamp, Archmagi MP+6 Int+6}
   (You found it in the Dungeon)

   It inflicts no extra harm, but heals its wielder somewhat when it strikes a
   living foe.
   It affects your intelligence (+6).
   It affects your magic capacity (+6).
Armour
 L - a +2 robe of cold resistance (worn)
 S - a +1 cloak of invisibility (worn)
Jewellery
 k - an uncursed ring of stealth
 y - a +6 ring of dexterity (right hand)
 z - a +6 ring of dexterity (left hand)
 A - a +6 ring of intelligence
 B - a +6 ring of intelligence
 O - an uncursed ring of protection from cold
 U - an uncursed ring of protection from fire
 Y - an uncursed ring of positive energy
 Z - a +4 amulet of reflection (around neck)
Wands
 a - a wand of heal wounds (6/9)
 E - a wand of disintegration (4/24)
 F - a wand of iceblast (1/15)
 G - a wand of lightning (5/15)
 H - a wand of acid (2/15)
 K - a wand of flame (19/48)
Scrolls
 i - 3 scrolls of blinking
 p - 4 scrolls of amnesia
 q - 2 scrolls of recharging
 r - 7 scrolls of fog
 s - a scroll of holy word
 t - 5 scrolls of identify
 u - 5 scrolls of remove curse
 v - 2 scrolls of fear
Potions
 d - 10 potions of curing
 e - 9 potions of heal wounds
 f - 5 potions of haste
 g - 7 potions of magic
 j - 2 potions of brilliance
 l - 4 potions of resistance
 n - 5 potions of agility
Books
 b - a book of Flames

   Spells                             Type                      Level
   a - Flame Tongue                   Conjuration/Fire             1
   b - Throw Flame                    Conjuration/Fire             2
   c - Conjure Flame                  Conjuration/Fire             3
   d - Inner Flame                    Hexes/Fire                   3
   e - Sticky Flame                   Conjuration/Fire             4
   f - Fireball                       Conjuration/Fire             5
 h - the Handbook of Aerial Earth
   (You found it in the Dungeon)

   Spells                             Type                      Level
   a - Passwall                       Transmutation/Earth          2
   b - Static Discharge               Conjuration/Air              3
   c - Airstrike                      Air                          4
   d - Deflect Missiles               Charms/Air                   6
 o - the Reference Book on Frigorific Poison
   (You found it in the Dungeon)

   Spells                             Type                      Level
   a - Ensorcelled Hibernation        Hexes/Ice                    2
   b - Ozocubu's Armour               Charms/Ice                   3
   c - Mephitic Cloud                 Conjuration/Poison/Air       3
   d - Venom Bolt                     Conjuration/Poison           5
   e - Simulacrum                     Ice/Necromancy               6
 J - the Incunabulum of Igneous Feathers
   (You found it in the Dungeon)

   Spells                             Type                      Level
   a - Shock                          Conjuration/Air              1
   b - Airstrike                      Air                          4
   c - Deflect Missiles               Charms/Air                   6
   d - Delayed Fireball               Conjuration/Fire             7
 M - the Collected Works on Dark Arts and Moulding
   (You found it in the Dungeon)

   Spells                             Type                      Level
   a - Beastly Appendage              Transmutation                1
   b - Ice Form                       Ice/Transmutation            4
   c - Excruciating Wounds            Charms/Necromancy            5
   d - Bolt of Draining               Conjuration/Necromancy       5
   e - Blade Hands                    Transmutation                5
 N - a manual of Dodging
 Q - a book of Enchantments

   Spells                             Type                      Level
   a - Cause Fear                     Hexes                        4
   b - Yara's Violent Unravelling     Hexes/Transmutation          5
   c - Silence                        Hexes/Air                    5
   d - Deflect Missiles               Charms/Air                   6
   e - Haste                          Charms                       6
   f - Discord                        Hexes                        8
 R - a book of the Warp

   Spells                             Type                      Level
   a - Recall                         Summoning/Translocation      3
   b - Gell's Gravitas                Hexes/Translocation          3
   c - Force Lance                    Conjuration/Translocation    4
   d - Warp Weapon                    Charms/Translocation         5
   e - Summon Forest                  Summoning/Translocation      5
 V - a book of Party Tricks

   Spells                             Type                      Level
   a - Summon Butterflies             Summoning                    1
   b - Apportation                    Translocation                1
   c - Tukima's Dance                 Hexes                        3
   d - Alistair's Intoxication        Transmutation/Poison         5
   e - Invisibility                   Hexes                        6
 W - the Handbook of Shifting Blows and Bruises
   (You found it in the Dungeon)

   Spells                             Type                      Level
   a - Fulminant Prism                Conjuration/Hexes            4
   b - Petrify                        Transmutation/Earth          4
   c - Statue Form                    Transmutation/Earth          6
 X - the Almanac of Black Secrets
   (You found it in the Dungeon)

   Spells                             Type                      Level
   a - Animate Skeleton               Necromancy                   1
   b - Excruciating Wounds            Charms/Necromancy            5
   c - Dispel Undead                  Necromancy                   5
Miscellaneous
 m - a phantom mirror
 P - a stone of tremors
 T - a lamp of fire
Comestibles
 c - 4 bread rations
 w - 29 fruits
 x - 4 meat rations


   Skills:
 - Level 14.3 Dodging
 - Level 2.1 Stealth
 + Level 16.9 Spellcasting
 - Level 12.5 Conjurations
 - Level 12.9 Charms
 + Level 3.7 Necromancy
 - Level 3.0 Fire Magic
 - Level 11.8 Air Magic
 - Level 7.5 Evocations


You had 20 spell levels left.
You knew the following spells:

 Your Spells              Type           Power        Failure   Level  Hunger
a - Flame Tongue          Conj/Fire      #####        1%          1    None
b - Fireball              Conj/Fire      #######...   1%          5    None
c - Deflect Missiles      Chrm/Air       #######...   1%          6    ###....
d - Haste                 Chrm           #######.     1%          6    ###....
e - Dispel Undead         Necr           ######..     17%         5    None


Dungeon Overview and Level Annotations

Branches:
Dungeon (1/1)

Altars:
Ashenzari
Cheibriados
Dithmenos
Elyvilon
Fedhas
Gozag
Kikubaaqudgha
Makhleb
Nemelex Xobeh
Okawaru
Pakellas
Qazlal
Ru
Sif Muna
Trog
Vehumet
Xom
Yredelemnul
Zin
The Shining One
Beogh
Jiyva
Lugonu


Message History

You destroy the thrashing horror!
You feel your power returning.
Your Necromancy skill increases to level 3!
The smoke demon barely misses you. The smoke demon completely misses you.
You block the smoke demon's attack.
Casting: Fireball
Confirm with . or Enter, or press ? or * to list all spells.
Aiming: Fireball
Press: ? - help, Shift-Dir - straight line You feel a surge of power!
The fireball explodes!
The fireball engulfs something.
The fireball engulfs the smoke demon.
The smoke demon resists.
The smoke demon is severely wounded.
The smoke demon completely misses you. The smoke demon misses you.
The smoke demon barely misses you. The smoke demon gestures at you.
Something smites you!
* * * LOW HITPOINT WARNING * * *
Something completely misses you. Something bites you!
You die...

▓..[)).|..▓..
▓..\))?...▓..}.)....▓..
▓.........▓.........▓..
▓.........▓.....?...▓..
▓.........▓...[.....▓..
▓.........▓.........▓..
▓.........▓.........▓..
▓.▓...{3▓.▓.▓.....▓.▓..
▓.....@.5.▓.........▓▓▓
▓▓▓▓▓▓▓▓▓▓▓▓▓▓▓▓▓▓▓▓▓


You could see a smoke demon and an iron imp.

Vanquished Creatures
  A very ugly thing (D)
  An anaconda (shapeshifter) (D)
  A thrashing horror (D)
  A sea snake (shapeshifter) (D)
  A hill giant (shapeshifter) (D)
  A wolf spider (shapeshifter) (D)
  2 ugly things (D)
  A faun (shapeshifter) (D)
  A cyclops (D)
  A spiny frog (D)
  A komodo dragon (D)
  5 merfolk (D)
  A raiju (D)
  A blink frog (shapeshifter) (D)
  A ynoxinul (D)
  Sigmund (D)
  3 fire elementals (D)
  A small abomination (D)
  2 hippogriffs (D)
  A neqoxec (D)
  A large abomination (D)
  2 nagas (D)
  A hell hound (D)
  A water moccasin (D)
  2 orc warriors (D)
  A sky beast (D)
  3 phantoms (D)
  A necrophage (D)
  A centaur (D)
  2 giant frogs (D)
  2 wights (D)
  2 crimson imps (D)
  A quasit (D)
  3 orc wizards (D)
  Jessica (D)
  2 iguanas (D)
  3 sheep (D)
  2 adders (D)
  A white imp (D)
  4 ufetubi (D)
  An adder skeleton (D)
  An orc (D)
  A bat skeleton (D)
  A bat zombie (D)
  2 ball pythons (D)
  A ball python skeleton (D)
  A giant cockroach zombie (D)
72 creatures vanquished.

Notes
Turn   | Place    | Note
--------------------------------------------------------------
     0 | D        | Ponchio the High Elf Fire Elementalist began the quest for the Orb.
     0 | D        | Reached XP level 1. HP: 11/11 MP: 4/4
     0 | D        | Found a viscous altar of Jiyva.
     0 | D        | Found a roughly hewn altar of Beogh.
     0 | D        | Found a corrupted altar of Lugonu.
     0 | D        | Found a white marble altar of Elyvilon.
     0 | D        | Found a sparkling altar of Nemelex Xobeh.
     1 | D        | Found a burning altar of Makhleb.
     1 | D        | Found an iron altar of Okawaru.
     1 | D        | Found a deep blue altar of Sif Muna.
     1 | D        | Found a radiant altar of Vehumet.
     1 | D        | Found a bloodstained altar of Trog.
     1 | D        | Found a shimmering altar of Xom.
    35 | D        | Became a worshipper of Vehumet
   101 | D        | Entered arena 1.
   101 | D        | Noticed Sigmund
   101 | D        | Noticed Jessica
   105 | D        | Killed Sigmund
   105 | D        | Reached skill level 11 in Spellcasting
   105 | D        | Reached XP level 2. HP: 17/17 MP: 11/15
   105 | D        | Reached XP level 3. HP: 21/21 MP: 11/16
   105 | D        | Reached XP level 4. HP: 27/27 MP: 12/18
   105 | D        | Reached XP level 5. HP: 31/31 MP: 12/19
   106 | D        | Killed Jessica
   134 | D        | Learned a level 5 spell: Fireball
   180 | D        | Entered arena 2.
   181 | D        | Reached * piety under Vehumet
   181 | D        | Offered knowledge of Magic Dart by Vehumet.
   181 | D        | Reached skill level 12 in Spellcasting
   254 | D        | Entered arena 3.
   254 | D        | Noticed a merfolk
   254 | D        | Noticed a merfolk
   254 | D        | Noticed a merfolk
   254 | D        | Noticed a merfolk
   257 | D        | Killed a merfolk
   257 | D        | Reached ** piety under Vehumet
   257 | D        | Reached skill level 5 in Dodging
   257 | D        | Reached skill level 13 in Spellcasting
   257 | D        | Reached XP level 6. HP: 25/36 MP: 16/23
   257 | D        | Killed a merfolk
   257 | D        | Reached XP level 7. HP: 28/41 MP: 17/25
   257 | D        | Killed a merfolk
   257 | D        | Reached skill level 14 in Spellcasting
   258 | D        | Killed a merfolk
   258 | D        | Reached *** piety under Vehumet
   258 | D        | Reached XP level 8. HP: 26/46 MP: 12/27
   422 | D        | Entered arena 4.
   424 | D        | Reached XP level 9. HP: 48/51 MP: 28/28
   428 | D        | Offered knowledge of Shock by Vehumet.
   428 | D        | Reached skill level 10 in Conjurations
   648 | D        | Entered arena 5.
   650 | D        | Offered knowledge of Static Discharge by Vehumet.
   651 | D        | Reached **** piety under Vehumet
   744 | D        | Entered arena 6.
   745 | D        | Reached skill level 15 in Spellcasting
   745 | D        | Reached skill level 10 in Dodging
   745 | D        | Reached ***** piety under Vehumet
   759 | D        | Identified the Handbook of Shifting Blows and Bruises (You found it in the Dungeon)
   831 | D        | Entered arena 7.
   831 | D        | Noticed a spiny frog
   831 | D        | Noticed a komodo dragon
   832 | D        | Offered knowledge of Dazzling Spray by Vehumet.
   833 | D        | Killed a komodo dragon
   833 | D        | Killed a spiny frog
   920 | D        | Entered arena 8.
   922 | D        | Reached XP level 10. HP: 51/56 MP: 30/30
   922 | D        | Reached ****** piety under Vehumet
   952 | D        | Identified the Handbook of Aerial Earth (You found it in the Dungeon)
   961 | D        | Identified the Reference Book on Frigorific Poison (You found it in the Dungeon)
   969 | D        | Learned a level 6 spell: Deflect Missiles
  1008 | D        | Entered arena 9.
  1008 | D        | Noticed a cyclops
  1009 | D        | Offered knowledge of Ignite Poison by Vehumet.
  1010 | D        | Reached skill level 16 in Spellcasting
  1010 | D        | Reached skill level 1 in Charms
  1010 | D        | Reached skill level 1 in Air Magic
  1012 | D        | Killed a cyclops
  1189 | D        | Entered arena 10.
  1190 | D        | Offered knowledge of Spellforged Servitor by Vehumet.
  1192 | D        | Reached skill level 5 in Air Magic
  1193 | D        | Reached skill level 5 in Charms
  1202 | D        | Identified the Collected Works on Dark Arts and Moulding (You found it in the Dungeon)
  1214 | D        | Identified the Almanac of Black Secrets (You found it in the Dungeon)
  1226 | D        | Learned a level 6 spell: Haste
  1305 | D        | Entered arena 11.
  1305 | D        | Noticed a faun
  1305 | D        | Noticed a cyan ugly thing
  1305 | D        | Noticed a white very ugly thing
  1305 | D        | Noticed a wolf spider
  1306 | D        | Noticed an anaconda
  1306 | D        | a boulder beetle changed into an anaconda
  1307 | D        | Noticed a red ugly thing
  1307 | D        | Killed a faun
  1309 | D        | Killed a cyan ugly thing
  1309 | D        | Killed an anaconda
  1309 | D        | Reached skill level 10 in Charms
  1310 | D        | Noticed a sea snake
  1310 | D        | Killed a white very ugly thing
  1310 | D        | Reached XP level 11. HP: 40/61 MP: 28/32
  1311 | D        | Killed a wolf spider
  1311 | D        | Reached skill level 10 in Air Magic
  1314 | D        | Killed a sea snake
  1314 | D        | Noticed an ettin
  1314 | D        | a slime creature changed into an ettin
  1316 | D        | Killed a red ugly thing
  1317 | D        | Noticed a hill giant
  1317 | D        | an ettin changed into a hill giant
  1319 | D        | Killed a hill giant
  1575 | D        | Identified the Incunabulum of Igneous Feathers (You found it in the Dungeon)
  1590 | D        | Learned a level 5 spell: Dispel Undead
  1650 | D        | Entered arena 12.
  1652 | D        | Noticed a vampire mage
  1652 | D        | Reached skill level 1 in Necromancy
  1653 | D        | Noticed a thrashing horror
  1653 | D        | Offered knowledge of Poisonous Cloud by Vehumet.
  1661 | D        | Killed a thrashing horror
  1664 | D        | Slain by a vampire mage

Skill      XL: |  1  2  3  4  5  6  7  8  9 10 11 |
---------------+----------------------------------+-----
Spellcasting   | 11 13 14 15 16 | 16.9
Conjurations   | 6 7 9 12 | 12.5
Dodging        | 5 6 8 12 14 | 14.3
Evocations     | 7 |  7.5
Charms         | 11 12 | 12.9
Air Magic      | 9 11 | 11.8
Necromancy     | 3 |  3.7
Stealth        | |  2.1
Fire Magic     | |  3.0

Action                   |  1- 3 |  4- 6 |  7- 9 | 10-12 || total
-------------------------+-------+-------+-------+-------++-------
Melee: Quarterstaff      |       |     8 |     6 |     1 ||    15
 Cast: Fireball          |       |     3 |    11 |    31 ||    45
       Haste             |       |       |       |     1 ||     1
       Deflect Missiles  |       |       |       |     1 ||     1
Evoke: Wand              |     3 |     3 |     4 |     1 ||    11
  Use: Potion            |       |       |     2 |     2 ||     4
       Scroll            |       |       |     1 |     1 ||     2
  Eat: Fruit             |     2 |     4 |       |     7 ||    13
       Bread ration      |       |       |       |     1 ||     1
Armor: Plate armour      |     3 |       |       |       ||     3
       Robe              |       |     1 |     2 |     1 ||     4
Dodge: Dodged            |       |     7 |    11 |    25 ||    43
       Deflected         |       |       |       |     1 ||     1
Block: Other             |       |       |       |     7 ||     7
